 Dungeon Crawl Stone Soup version 0.32-a0-12-g7fc57aa741 (webtiles) character file.

Game seed: 8708681152626725556

1717085 bakla the Righteous (level 25, 144/191 HPs)
             Began as a Felid Conjurer on Jan 14, 2024.
             Was a Follower of the Shining One.
             Escaped with the Orb
             ... and 3 runes on Jan 15, 2024!
             The game lasted 03:12:35 (63825 turns).

bakla the Righteous (Felid Conjurer)               Turns: 63825, Time: 03:12:36

Health: 144/191    AC: 29    Str:  2    XL:     25   Next: 78%
Magic:  39/39      EV: 46    Int: 22    God:    the Shining One [*.....]
Gold:   1539       SH:  0    Dex: 31    Spells: 23/28 levels left
                                        Lives:  1   Deaths: 7

rFire   + +          .
                       - Unarmed
rCold   + + +        (shield unavailable)
rNeg    + . .        (body armour unavailable)
rPois   ∞            (helmet unavailable)
rElec   +            (cloak unavailable)
rCorr   .            (gloves unavailable)
SInv    +            (boots unavailable)
Will    +++..        y - amulet of regeneration
Stlth   +            l - ring "Huryno" {rF++ rC+++ Str-5 Dex+6 Stlth-}
HPRegen 1.31/turn    q - +6 ring of dexterity
MPRegen 0.26/turn

%: no passive effects
@: statue-form, glowing, studying Stealth, very slow
A: slow and powerful, torment resistance 1, boosted hp, very small, claws 1,
fangs 3, see invisible, (shaggy fur 3), stealthy paws, no weapons or thrown
items, no armour, multi-lived, sense surroundings 1, weak 2
0: Orb of Zot
}: 3/15 runes: barnacled, silver, gossamer
a: Begin Untransformation, Renounce Religion, Divine Shield


You escaped.
You worshipped the Shining One.
The Shining One was aware of your devotion.
You were a living statue of rough stone.
You visited 10 branches of the dungeon, and saw 48 of its levels.
You visited the Abyss 1 time.
You visited 1 bazaar.
You also visited: Ossuary.

You collected 7738 gold pieces.
You spent 6199 gold pieces at shops.

Inventory:

Jewellery
 f - a ring of protection from cold
 l - the ring "Huryno" (left paw) {rF++ rC+++ Str-5 Dex+6 Stlth-}
   (You bought it in a shop on level 2 of the Dungeon)

   [ring of dexterity]

   Str-5:     It affects your strength (-5).
   Dex+6:     It affects your dexterity (+6).
   rF++:      It greatly protects you from fire.
   rC+++:     It renders you almost immune to cold.
   Stlth-:    It makes you less stealthy.
 n - the ring of Wariness {^Contam Fly rElec EV+5 Int-5}
   (You took it off a spriggan defender on level 1 of the Depths)

   [ring of evasion]

   EV+5:      It affects your evasion (+5).
   Int-5:     It affects your intelligence (-5).
   rElec:     It insulates you from electricity.
   Fly:       It grants you flight.
   ^Contam:   It causes magical contamination when unequipped.
 q - a +6 ring of dexterity (right paw)
 r - a +6 ring of dexterity
 y - an amulet of regeneration (around neck)
 C - a ring of resist corrosion
 I - a ring of flight
 K - a +5 ring of evasion
 O - an amulet of reflection
 T - a ring of protection from fire
 V - the amulet of Relepp {Reflect rC+ rCorr SH+5}
   (You took it off a deep elf annihilator on level 3 of the Elven Halls)

   [amulet of reflection]

   Reflect:   It reflects blocked missile attacks.
   rC+:       It protects you from cold.
   rCorr:     It protects you from acid and corrosion.
   SH+5:      It affects your SH (+5).
 X - the ring of Mutualism {Will+ MP+9 Int+2}
   (You found it on level 4 of the Depths)

   [ring of magical power]

   Int+2:     It affects your intelligence (+2).
   Will+:     It increases your willpower.
   MP+9:      It affects your magic capacity (+9).
 Y - a ring of wizardry
 Z - the ring "Losoghe" {Ice Will+ rCorr Dex-2 Stlth+}
   (You found it on level 4 of the Depths)

   [ring of ice]

   Ice:       It enhances your ice magic.
   Dex-2:     It affects your dexterity (-2).
   rF-:       It makes you vulnerable to fire.
   rC+:       It protects you from cold.
   Will+:     It increases your willpower.
   rCorr:     It protects you from acid and corrosion.
   Stlth+:    It makes you more stealthy.
Wands
 b - a wand of charming (27)
 m - a wand of mindburst (13)
 o - a wand of flame (62)
 B - a wand of acid (6)
 G - a wand of roots (14)
 U - a wand of polymorph (19)
Scrolls
 e - 13 scrolls of vulnerability
 h - 2 scrolls of silence
 k - 2 scrolls of revelation
 t - 11 scrolls of amnesia
 u - 6 scrolls of teleportation
 w - 2 scrolls of torment
 x - 2 scrolls of fog
 A - 9 scrolls of fear
 E - 8 scrolls of poison
 F - 28 scrolls of identify
 J - 2 scrolls of blinking
 N - a scroll of butterflies
 Q - 7 scrolls of immolation
Potions
 c - a potion of haste
 d - 7 potions of attraction
 g - 2 potions of heal wounds
 j - 16 potions of brilliance
 p - 5 potions of ambrosia
 s - 2 potions of cancellation
 v - 8 potions of resistance
 z - 5 potions of lignification
 D - 10 potions of mutation
 H - a potion of magic
 L - 16 potions of curing
 M - 3 potions of berserk rage
 S - a potion of invisibility
 W - 4 potions of might
Miscellaneous
 a - a condenser vane
 i - a box of beasts (inert)
 P - a phantom mirror (inert)
 R - a lightning rod (4/4)


   Skills:
 - Level 20.0 Fighting
 - Level 20.0 Dodging
 - Level 19.8 Stealth
 - Level 20.0 Unarmed Combat
 - Level 2.3 Spellcasting
 - Level 3.8 Conjurations
 + Level 23.7 Invocations
 - Level 20.0 Evocations
 - Level 18.0 Shapeshifting


You had 23 spell levels left.
You knew the following spells:

 Your Spells              Type           Power      Damage    Failure   Level
a - Magic Dart            Conj           76%        1d6       2%          1
b - Searing Ray           Conj           38%        2d5       4%          2
c - Summon Small Mammal   Summ           8%         N/A       14%         1
d - Apportation           Tloc           4%         N/A       14%         1

Your spell library contained the following spells:

 Spells                   Type           Power      Damage    Failure   Level
 Foxfire                  Conj/Fire      44%        2x1d6     6%          1
 Kiss of Death            Conj/Necr      44%        2d8       6%          1
 Shock                    Conj/Air       44%        1d5       6%          1
 Sting                    Conj/Alch      44%        1d5       6%          1
 Necrotise                Necr           8%         1d4       14%         1
 Dazzling Flash           Conj/Hex       22%        N/A       19%         3
 Hailstorm                Conj/Ice       11%        3d6       19%         3
 Stone Arrow              Conj/Erth      22%        3d8       19%         3
 Blink                    Tloc           4%         N/A       21%         2
 Call Imp                 Summ           4%         N/A       21%         2
 Cigotuvi's Dreadful Rot  Necr/Alch/Air  4%         N/A       21%         2
 Ensorcelled Hibernation  Hex/Ice        4%         N/A       21%         2
 Jinxbite                 Hex            4%         N/A       21%         2
 Lesser Beckoning         Tloc           4%         N/A       21%         2
 Mephitic Cloud           Conj/Alch/Air  8%         N/A       24%         3
 Call Canine Familiar     Summ           2%         N/A       38%         3
 Confusing Touch          Hex            2%         N/A       38%         3
 Gell's Gravitas          Tloc           2%         N/A       38%         3
 Ozocubu's Armour         Ice            2%         N/A       38%         3
 Passwall                 Erth           2%         N/A       38%         3
 Summon Ice Beast         Ice/Summ       2%         N/A       38%         3
 Swiftness                Air            2%         N/A       38%         3
 Teleport Other           Tloc           2%         N/A       38%         3
 Tukima's Dance           Hex            2%         N/A       38%         3
 Volatile Blastmotes      Fire/Tloc      4%         2d10      38%         3
 Brom's Barrelling Bould  Conj/Erth      11%        2d3       52%         4
 Fulminant Prism          Conj/Alch      5%         3d7       52%         4
 Iskenderun's Mystic Bla  Conj/Tloc      11%        2d4       52%         4
 Airstrike                Air            1%         2d(1-17)  80%         4
 Anguish                  Hex/Necr       1%         N/A       80%         4
 Animate Dead             Necr           2%         N/A       80%         4
 Dispel Undead            Necr           2%         3d7       80%         4
 Ignite Poison            Fire/Alch      2%         N/A       80%         4
 Leda's Liquefaction      Alch/Erth      1%         N/A       80%         4
 Manifold Assault         Tloc           2%         N/A       80%         4
 Passage of Golubria      Tloc           2%         N/A       80%         4
 Petrify                  Alch/Erth      2%         N/A       80%         4
 Summon Blazeheart Golem  Fire/Summ      2%         N/A       80%         4
 Summon Lightning Spire   Summ/Air       2%         N/A       80%         4
 Vhi's Electric Charge    Tloc/Air       4%         N/A       80%         4
 Arcjolt                  Conj/Air       5%         1d15      86%         5
 Irradiate                Conj/Alch      5%         3d13      86%         5
 Freezing Cloud           Conj/Ice/Air   4%         6-21      91%         5
 Alistair's Intoxication  Alch           1%         N/A       98%         5
 Borgnjor's Vile Clutch   Necr/Erth      1%         N/A       98%         5
 Lee's Rapid Deconstruct  Erth           1%         3d4*      98%         5
 Metabolic Englaciation   Hex/Ice        1%         N/A       98%         5
 Summon Forest            Summ/Tloc      1%         N/A       98%         5
 Summon Mana Viper        Hex/Summ       2%         N/A       98%         5
 Yara's Violent Unravell  Hex/Alch       1%         3d3       98%         5
 Bombard                  Conj/Erth      5%         9d2       100%        6
 Conjure Ball Lightning   Conj/Air       5%         3x3d6     100%        6
 Death Channel            Necr           1%         N/A       100%        6
 Dispersal                Tloc           1%         N/A       100%        6
 Plasma Beam              Fire/Air       1%         2x1d11    100%        6
 Sculpt Simulacrum        Ice/Alch       1%         N/A       100%        6
 Starburst                Conj/Fire      5%         6d4       100%        6
 Summon Cactus Giant      Summ           1%         N/A       100%        6
 Enfeeble                 Hex            1%         N/A       100%        7
 Haunt                    Necr/Summ      1%         N/A       100%        7
 Summon Hydra             Summ           1%         N/A       100%        7
 Borgnjor's Revivificati  Necr           1%         N/A       100%        8
 Discord                  Hex            1%         N/A       100%        8
 Disjunction              Tloc           1%         N/A       100%        8
 Infestation              Necr           1%         N/A       100%        8
 Maxwell's Capacitive Co  Air            1%         ∞         100%        8
 Death's Door             Necr           1%         N/A       100%        9
 Sublimation of Blood     Necr           Unusable   N/A       N/A         2
 Animate Armour           Summ/Erth      Unusable   N/A       N/A         4

Dungeon Overview and Level Annotations

Branches:
Dungeon (15/15)            Temple (1/1) D:4            Lair (5/5) D:10
 Shoals (4/4) Lair:2       Spider (4/4) Lair:3        Slime (0/5) Lair:4
    Orc (2/2) D:11            Elf (3/3) Orc:2        Vaults (5/5) D:13
  Crypt (0/3) Vaults:3     Depths (4/4) D:15            Zot (5/5) Depths:4
Ossuary (visited)

Altars:
Ashenzari
Cheibriados
Dithmenos
Elyvilon
Fedhas
Gozag
Hepliaklqana
Kikubaaqudgha
Makhleb
Nemelex Xobeh
Okawaru
Qazlal
Ru
Sif Muna
Trog
Uskayaw
Vehumet
Wu Jian
Xom
Yredelemnul
Zin
The Shining One
Jiyva

Shops:
D:2 =   D:4 *   D:5 *(*   D:8 *   D:10 [[   Orc:2 *(??   Elf:2 (!*([   Elf:3 [
Shoals:1 :   Shoals:3 *   Vaults:1 =   Vaults:4 [

Portals:
Hell: Lair:5 Depths:1 Depths:2 Depths:3 Depths:4
Abyss: Depths:1 Depths:2 Depths:3 Depths:4
Pandemonium: Depths:2 Depths:4
Ziggurat: Depths:2

Annotations:
D:4 Dowan, Duvessa
D:5 2 transporters
D:6 1 runed translucent door, wildpjah's ghost, novice MfGl
Lair:4 exclusion: oklob plant
Shoals:1 exclusion: oklob plant
Spider:1 1 runed translucent door, Isko's ghost, journeyman TrSh
Elf:2 5 runed translucent doors, 2 transporters
Vaults:2 3 runed translucent doors, Luiw's ghost, veteran HOBe
Depths:4 2 transporters
Zot:2 exclusion: 3 upstairs
Zot:3 exclusions: 3 upstairs and 1 more exclusion
Zot:4 exclusion: 3 upstairs
Zot:5 exclusions: 3 upstairs and 1 more exclusion


Innate Abilities, Weirdness & Mutations

You are a living statue of rough stone.
Your actions are slow, but your melee attacks are powerful.
You are resistant to unholy torment.
Your maximum health is greatly increased.
You are immune to poison.
You have sharp claws.
You have razor-sharp teeth.
You have supernaturally acute eyesight. (SInv)
((Your thick and shaggy fur keeps you warm. (AC +3, rC+)))
Your paws help you pounce on unaware monsters.
You are incapable of wielding weapons or throwing items.
You cannot wear armour.
You gain extra lives every three experience levels.
You passively map a small area around you.
You are very weak. (Str -4)


Message History

You scratch the reaper but do no damage.
The reaper is almost dead.
The reaper completely misses you.
You scratch the reaper.
You kill the reaper!
The Shining One accepts your kill.
Things that are here:
a +1 vampiric glaive; a +2 plate armour of willpower
There is a staircase leading out of the dungeon here.
You are confused.
You feel invigorated.
Your extra speed is starting to run out.
You feel less invigorated.
You feel less confused.
You are confused.
You feel invigorated.
You feel yourself slow down.
You feel less invigorated.
You feel less confused.
You hear a grinding noise.
Your magic seems less tainted.
You hear a grinding noise.
A hell beast comes into view.
The hell beast shouts!
Some rock shatters into small pieces.
Xemocog comes into view.
A cacodemon comes into view.
The hell beast bites you but does no damage.
The hell beast completely misses you.
You barely miss the hell beast. The hell beast completely misses you.
The hell beast tramples you but does no damage.
Unknown command.
Press: ? - help, v - describe, . - travel
Here: Xemocog The floor.
Xemocog gestures.
The hell beast completely misses you. x4
The cacodemon gestures at you.
Strange energies course through your body.
You feel weaker.
You have escaped!

...##..##...............#...#####
#.###..##.#############.##.##
.......##.#...........#.#..# ##
..####.##.#.####...##.#...## #.
### #....#.#.......#.#.### ##.
######..#.#.#)#..#..#.#.# #..
........#.#.#...2...#.#.# #.#
.......##.#4#)#.....#.#.#######..
.......##.'..&428...#.'.#....###.
........#.#.#.#.....#.#.#......#.
........#.#†#.#...#.#.#.#........
.......##.#.#.##.##.#.#.#...##.##
........#.#.#.......#.#..[#.##.##
#######...#.####.####.#.###.##...
#.....#.#...........#.# #.#####
#.###.#.#############.# #.#####
#.#...#...............# #......


You could see Xemocog, a cacodemon, a hell beast, an orange demon (summoned) and
a hellwing (summoned).

Vanquished Creatures
  Frederick (Vaults:4)
  An ancient lich (Vaults:5)
  An orb of fire (Zot:5)
  Mara (Vaults:5)
  Xtahua (Depths:4)
  Margery (Vaults:3)
  7 Killer Klowns
  5 caustic shrikes
  Saint Roka (Depths:4)
  3 golden dragons
  The ghost of Qecvurom the Warrior, an adept DrRe of Fedhas (Vaults:4)
  Arachne (Spider:2)
  Norris (Depths:1)
  2 Tzitzimimeh
  2 doom hounds (Depths:2)
  An electric golem (Zot:5)
  2 Ice Fiends
  11 tentacled monstrosities
  Mlioglotl (Spider:2)
  A Hell Sentinel (D:1)
  Jorgrun (Spider:2)
  5 liches
  25 Orb Guardians
  A walking divine tome (Depths:4)
  2 deep elf master archers (Elf:3)
  Asterion (Vaults:1)
  Grunn (Depths:2)
  2 deep elf blademasters (Elf:3)
  6 quicksilver dragons
  8 titans
  6 sphinxes
  A walking frostbound tome (Depths:4)
  A searing wretch (Vaults:3)
  An ancient champion (Depths:4)
  Kirke (D:15)
  4 death cobs
  An Executioner (Zot:5)
  6 shadow dragons
  Agnes (Elf:1)
  7 tengu reavers
  4 protean progenitors
  A demonspawn warmonger (D:1)
  A draconian monk (Zot:2)
  8 storm dragons
  5 fire giants
  Ilsuiw (Shoals:3)
  9 frost giants
  3 balrugs
  An emperor scorpion (Spider:3)
  2 draconian scorchers
  5 ghost moths
  Louise (Shoals:2)
  2 draconian shifters
  3 draconian stormcallers
  2 iron dragons
  14 vault wardens
  A deep elf elementalist (Elf:3)
  3 draconian knights
  4 deep elf sorcerers
  16 ironbound preservers
  21 stone giants
  A cacodemon (Depths:2)
  A broodmother (Spider:1)
  8 spriggan defenders
  An angel (Depths:3)
  4 orc warlords
  A draconian annihilator (Depths:4)
  9 ironbound thunderhulks
  12 very ugly things
  3 reapers
  2 formless jellyfish (Vaults:4)
  2 green draconians
  Nessos (D:14)
  8 deep elf demonologists (Elf:3)
  5 vampire knights
  11 deep elf death magi
  A lorocyproca (D:1)
  A yellow draconian (Zot:2)
  7 dire elephants
  7 spark wasps
  A purple draconian (Zot:5)
  6 black draconians
  2 red draconians
  A war gargoyle (Vaults:5)
  8 deep elf annihilators
  A white draconian (Zot:2)
  10 merfolk javelineers
  10 ettins
  Josephine (D:11)
  A quicksilver dragon zombie (Depths:1)
  7 merfolk impalers
  9 fire dragons
  8 entropy weavers
  7 yaktaur captains
  6 ice dragons
  3 salamander tyrants (Depths:4)
  2 hell beasts
  5 hydras
  7 deep elf high priests
  9 great orbs of eyes
  A rakshasa (Depths:1)
  10 ironbound frosthearts
  4 merfolk avatars
  2 catoblepae
  11 centaur warriors
  An ogre mage (Vaults:5)
  35 vault guards
  7 spriggan air magi
  Erica (Lair:2)
  4 merfolk aquamancers (Shoals:4)
  10 boulder beetles
  A sphinx skeleton (Depths:1)
  5 radroaches
  6 satyrs
  2 alligator snapping turtles
  12 deep troll shamans
  A jorogumo (Spider:2)
  A death knight (D:14)
  10 two-headed ogres
  11 dancing weapons
  5 tengu warriors
  4 death yaks
  10 deep troll earth magi
  3 hell hogs (D:1)
  8 spriggan berserkers
  3 orc high priests
  14 hell knights
  2 soul eaters (Depths:3)
  4 occultists
  9 demonic crawlers
  5 skysharks
  6 pharaoh ants
  2 salamander mystics (Depths:4)
  5 skeletal warriors
  13 deep elf knights
  3 sixfirhies
  5 iron trolls
  2 flayed ghosts
  A deep troll (shapeshifter) (Depths:3)
  13 sea snakes
  A sea snake (shapeshifter) (Depths:4)
  8 orb spiders
  An orb spider (shapeshifter) (Vaults:5)
  4 arcanists
  67 deep trolls
  7 glowing orange brains
  12 deep elf archers
  4 sun moths
  An obsidian statue (Depths:3)
  7 phantasmal warriors
  An orange crystal statue (Depths:1)
  3 lindwurms (Vaults:1)
  16 orc knights
  14 ironbound convokers
  6 steelbarb worms
  4 necromancers
  5 harpies (Shoals:1)
  26 deep elf zephyrmancers
  10 salamanders
  17 wolf spiders
  4 orc sorcerers
  31 deep elf pyromancers
  9 cyclopes
  15 manticores
  10 fauns
  11 moths of wrath
  18 ugly things
  A stone giant skeleton (Vaults:3)
  5 meliai (Spider:4)
  3 merfolk sirens
  5 black mambas
  A human skeleton (Vaults:3)
  A molten gargoyle (Depths:1)
  30 elephants
  2 water nymphs (shapeshifter) (Vaults:5)
  5 torpor snails
  4 kobold blastminers
  6 water nymphs
  12 vault sentinels
  A frost giant skeleton (Depths:1)
  2 orange demons
  12 cane toads
  A smoke demon (Depths:3)
  A hellion (Zot:5)
  An unseen horror (D:13)
  4 freezing wraiths
  A yaktaur (shapeshifter) (Depths:2)
  8 tengu conjurers
  40 yaktaurs
  4 ice devils (Lair:5)
  5 rime drakes
  10 komodo dragons
  An ancient zyme (Abyss:2)
  A red devil (Lair:5)
  4 polar bears
  34 merfolk
  2 trolls
  A merfolk (shapeshifter) (D:13)
  6 wind drakes
  2 hellwings
  A polar bear (shapeshifter) (D:13)
  26 tarantellas
  A snapping turtle (shapeshifter) (Depths:4)
  Prince Ribbit (D:9)
  5 glass eyes
  10 snapping turtles
  9 hornets
  14 blink frogs
  30 dream sheep
  3 air elementals
  18 jumping spiders
  7 spriggans
  12 culicivoras
  11 water elementals
  28 slime creatures
  74 yaks
  A vampire (D:11)
  3 wyverns
  7 fire elementals
  6 wraiths
  5 basilisks
  2 hogs (D:15)
  6 wargs
  2 steam dragons
  A redback (shapeshifter) (Vaults:5)
  6 vampire mosquitoes (D:13)
  A glowing shapeshifter zombie (Vaults:3)
  3 neqoxecs
  An elf skeleton (Vaults:3)
  2 chaos spawn
  62 redbacks
  A naga (Bazaar)
  An acid dragon (D:8)
  2 hell hounds (Lair:5)
  A glowing shapeshifter skeleton (Vaults:3)
  18 water moccasins
  37 orc warriors
  An ice beast (D:8)
  2 sky beasts
  A tengu (shapeshifter) (D:14)
  5 boggarts
  A wolf (shapeshifter) (Vaults:5)
  2 ogres
  11 centaurs
  6 wolves (Lair:3)
  A phantom (D:5)
  11 kobold brigands
  A gnoll sergeant (D:9)
  8 bullfrogs
  Blork the orc (D:6)
  4 earth elementals
  3 scorpions
  A scorpion (shapeshifter) (D:13)
  10 wights (D:9)
  20 killer bees
  4 electric eels
  A bombardier beetle (D:5)
  18 orc priests
  3 gnoll boudas
  3 hounds (D:6)
  4 jellies
  4 iguanas
  3 sleepcaps
  19 orc wizards
  8 mummies (Ossuary)
  Robin (D:4)
  14 gnolls
  3 adders
  2 river rats (D:10)
  A shadow imp (D:8)
  A white imp (D:8)
  6 ufetubi
  4 ribbon worms
  77 orcs
  10 bats
  7 endoplasms
  2 giant cockroaches
  13 goblins
  6 hobgoblins
  12 jackals
  21 kobolds
  4 quokkas
  9 ball pythons
  3 frilled lizards
  2 gnoll zombies (Ossuary)
  2 hobgoblin zombies (Ossuary)
  A kobold zombie (Ossuary)
  3 orc zombies (Ossuary)
  8 rats
  An aspiring flesh (Zot:2)
1989 creatures vanquished.

Vanquished Creatures (collateral kills)
  A tentacled monstrosity (Zot:2)
  A storm dragon (Zot:2)
  A draconian shifter (Zot:5)
  A draconian stormcaller (Zot:2)
  A deep elf annihilator (Elf:3)
  A red draconian (Zot:2)
  A yellow draconian (Zot:2)
  2 green draconians (Zot:2)
  An orb spider (Spider:3)
  A manticore (Shoals:4)
  A salamander (Zot:2)
  3 moths of wrath (Zot:2)
  A rust devil (D:13)
  A komodo dragon (Lair:4)
  3 dream sheep
  2 jumping spiders (Spider:3)
  A yak (Lair:4)
  2 redbacks (Spider:3)
25 creatures vanquished.

Vanquished Creatures (others)
  A lich (Depths:3)
  A draconian knight (Zot:2)
  A draconian annihilator (Zot:2)
  A black draconian (Zot:2)
  A purple draconian (Zot:5)
  A green draconian (Zot:2)
  2 white draconians (Zot:2)
  3 deep elf knights
  A deep elf zephyrmancer (Elf:3)
  A merfolk (Shoals:4)
  2 jumping spiders
  3 humans (D:15)
  A redback (Spider:3)
  A boggart (D:15)
  An orc (Orc:2)
  A quokka (D:10)
22 creatures vanquished.

Grand Total: 2036 creatures vanquished

Notes
Turn   | Place    | Note
-------+----------+-------------------------------------------
     0 | D:1      | bakla the Felid Conjurer began the quest for the Orb.
     0 | D:1      | Reached XP level 1. HP: 9/9 MP: 4/4
   284 | D:1      | Reached XP level 2. HP: 14/14 MP: 1/6
   287 | D:1      | Learned a level 2 spell: Searing Ray
   592 | D:1      | Learned a level 1 spell: Summon Small Mammal
  1264 | D:2      | Reached skill level 1 in Fighting
  1264 | D:2      | Reached skill level 1 in Unarmed Combat
  1264 | D:2      | Reached XP level 3. HP: 18/18 MP: 0/7
  1483 | D:2      | Found Exzo Xecw's Jewellery Emporium.
  2719 | D:3      | Reached XP level 4. HP: 22/22 MP: 0/8
  2719 | D:3      | Gained a life (2 lives remaining)
  4023 | D:4      | Found a staircase to the Ecumenical Temple.
  4028 | Temple   | Entered the Ecumenical Temple
  4047 | Temple   | Became a worshipper of the Wu Jian Council
  4188 | D:4      | Found Lujaqept's Lightly-Used Armoury.
  4346 | D:4      | Noticed Dowan
  4409 | D:4      | Reached skill level 1 in Shapeshifting
  4535 | D:4      | Noticed Duvessa
  4708 | D:4      | Noticed Robin
  4716 | D:4      | Reached XP level 5. HP: 22/26 MP: 2/9
  4735 | D:4      | HP: 1/26 [Robin/+2 spear of venom (3)]
  4741 | D:4      | Killed Robin
  4742 | D:4      | HP: 1/26 [hobgoblin[Robin] (3)]
  4743 | D:4      | Succumbed to Robin's poison
  4743 | D:4      | Lost a life (1 life remaining)
  4758 | D:5      | Entered Level 5 of the Dungeon
  4823 | D:5      | Noticed a water moccasin
  4856 | D:5      | Reached * piety under Wu Jian
  5256 | D:5      | Killed a water moccasin
  5257 | D:5      | Gained mutation: You are covered in thick fur. (AC +2)
                  | [Felid growth]
  5257 | D:5      | Reached XP level 6. HP: 32/32 MP: 3/10
  5268 | D:5      | Found Nazxoth's Assorted Antiques.
  5352 | D:5      | Found a sand-covered staircase.
  5356 | Ossuary  | Entered an ossuary
  5494 | Ossuary  | Reached skill level 5 in Dodging
  6207 | D:5      | Found Pilelent's Antique Weapon Shoppe.
  6599 | D:5      | Reached XP level 7. HP: 36/36 MP: 3/11
  6599 | D:5      | Gained a life (2 lives remaining)
  7206 | D:5      | Found a transporter.
  7218 | D:5      | Found Segraw's Gadget Gallery.
  7231 | D:5      | Bought a box of beasts for 520 gold pieces
  7461 | D:5      | Found a transporter.
  7785 | D:6      | Noticed Blork the orc
  7808 | D:6      | Killed Blork the orc
  7863 | D:6      | Found a runed translucent door.
  7868 | D:6      | Noticed wildpjah's ghost (novice MfGl)
  8043 | D:6      | Reached XP level 8. HP: 42/42 MP: 3/12
  8144 | D:6      | Found the +7 Throatcutter {drain, coup de grace}
  8204 | D:6      | Reached skill level 5 in Fighting
  8213 | D:6      | Slain by a kobold brigand
  8213 | D:6      | Lost a life (1 life remaining)
  8225 | D:6      | Reached skill level 5 in Unarmed Combat
  9357 | D:7      | Reached ** piety under Wu Jian
  9505 | D:7      | Identified 2 scrolls of acquirement
  9505 | D:7      | Acquired a manual of Unarmed Combat
  9507 | D:7      | Acquired a manual of Stealth
  9552 | D:7      | Reached XP level 9. HP: 47/47 MP: 13/13
 10427 | D:7      | Acquired a manual of Fighting
 10515 | D:8      | Reached skill level 5 in Stealth
 10848 | D:8      | Noticed a two-headed ogre
 10860 | D:8      | Killed a two-headed ogre
 10861 | D:8      | Reached skill level 5 in Shapeshifting
 11062 | D:8      | Found a shadowy altar of Dithmenos.
 11062 | D:8      | Found a bloodstained altar of Trog.
 11383 | D:8      | Reached XP level 10. HP: 45/55 MP: 14/14
 11383 | D:8      | Gained a life (2 lives remaining)
 11390 | D:8      | HP: 1/55 [steam dragon/ball of steam (16)]
 11393 | D:8      | Mangled by a steam dragon
 11393 | D:8      | Lost a life (1 life remaining)
 11996 | D:8      | Found Orikkiobb's General Store.
 12001 | D:8      | Bought a potion of heal wounds for 75 gold pieces
 12670 | D:9      | Paralysed by a hornet for 3 turns
 12937 | D:9      | Noticed Prince Ribbit
 12941 | D:9      | Killed Prince Ribbit
 12942 | D:9      | Reached skill level 10 in Dodging
 12960 | D:9      | Paralysed by a hornet for 3 turns
 12962 | D:9      | Mangled by a hornet
 12962 | D:9      | Lost a life (0 lives remaining)
 12988 | D:9      | Reached *** piety under Wu Jian
 13276 | D:8      | Reached skill level 10 in Stealth
 14008 | D:10     | Entered Level 10 of the Dungeon
 14040 | D:10     | Noticed a two-headed ogre
 14040 | D:10     | Found Beben's Armour Emporium.
 14040 | D:10     | Found Hod Fev's Antique Armour Emporium.
 14040 | D:10     | Found Yhuch's Assorted Antiques.
 14100 | D:10     | Noticed a death yak
 14106 | D:10     | You fall into a shaft and drop 1 floor!
 14260 | D:11     | Noticed Josephine
 14343 | D:10     | Noticed a death yak
 14405 | D:10     | Noticed a two-headed ogre
 14587 | D:10     | Reached XP level 11. HP: 30/62 MP: 10/15
 15074 | D:10     | Killed a two-headed ogre
 15075 | D:10     | Reached skill level 10 in Unarmed Combat
 15342 | D:10     | Noticed a two-headed ogre
 15353 | D:10     | Killed a two-headed ogre
 15893 | D:11     | Reached skill level 10 in Fighting
 16167 | D:11     | Found a staircase to the Orcish Mines.
 16179 | D:11     | Noticed a two-headed ogre
 16183 | D:11     | Reached **** piety under Wu Jian
 17074 | D:11     | Learned a level 1 spell: Apportation
 17384 | D:11     | Noticed a green ugly thing
 17415 | Orc:1    | Entered Level 1 of the Orcish Mines
 17415 | Orc:1    | Noticed an orc high priest
 17609 | D:12     | Noticed a deep elf pyromancer
 17876 | D:11     | Killed Josephine
 17982 | D:11     | Killed a green ugly thing
 18942 | D:12     | Noticed a boulder beetle
 18944 | D:12     | Killed a boulder beetle
 19044 | D:12     | Killed a deep elf pyromancer
 19063 | D:13     | Found a frozen archway.
 19210 | D:10     | Found a staircase to the Lair.
 19211 | D:10     | Noticed a death yak
 19261 | D:10     | Killed a death yak
 19262 | D:10     | Gained mutation: Your thick and shaggy fur keeps you warm.
                  | (AC +3, rC+) [Felid growth]
 19262 | D:10     | Reached XP level 12. HP: 51/69 MP: 16/16
 19760 | D:10     | Killed a death yak
 19770 | D:10     | Killed a death yak
 19771 | D:10     | Reached skill level 10 in Shapeshifting
 19940 | D:10     | Killed a two-headed ogre
 20119 | Lair:1   | Entered Level 1 of the Lair of Beasts
 20506 | D:2      | Bought a maw talisman for 390 gold pieces
 20750 | Lair:1   | Noticed a boulder beetle
 20752 | Lair:1   | Killed a boulder beetle
 21114 | Lair:1   | Acquired a manual of Stealth
 21379 | D:10     | Reached skill level 15 in Stealth
 22143 | Lair:2   | Reached XP level 13. HP: 73/75 MP: 17/17
 22143 | Lair:2   | Gained a life (1 life remaining)
 22272 | Lair:2   | Reached skill level 1 in Evocations
 22409 | Lair:2   | Noticed Erica
 23230 | Lair:2   | Killed Erica
 23646 | Lair:3   | Reached ***** piety under Wu Jian
 23877 | Lair:3   | Found a hole to the Spider Nest.
 25189 | Lair:4   | Reached XP level 14. HP: 83/83 MP: 18/18
 25281 | Lair:4   | Found a staircase to the Slime Pits.
 25293 | Lair:4   | Found a viscous altar of Jiyva.
 25486 | Lair:5   | Entered Level 5 of the Lair of Beasts
 25866 | Lair:5   | Found a burning altar of Makhleb.
 26760 | Lair:5   | HP: 4/84 [hell beast (6)]
 27397 | Lair:5   | Found a gateway to Hell.
 27406 | Lair:5   | Got the Vellum of Dogma
 27937 | D:2      | Bought a +5 ring of evasion for 468 gold pieces
 28416 | Orc:2    | Entered Level 2 of the Orcish Mines
 28460 | Orc:2    | Found Isappukh's Weapon Emporium.
 28460 | Orc:2    | Found Vionair's Magic Scroll Shop.
 28462 | Orc:2    | Found Pirilar's Magic Scroll Boutique.
 28464 | Orc:2    | Found Weocloegu's Assorted Antiques.
 28480 | Orc:2    | Reached skill level 15 in Dodging
 28689 | Orc:2    | Found a staircase to the Elven Halls.
 29198 | Orc:2    | Bought a scroll of teleportation for 39 gold pieces
 29198 | Orc:2    | Bought a scroll of blinking for 97 gold pieces
 29202 | Orc:2    | Bought a scroll of fear for 64 gold pieces
 29202 | Orc:2    | Bought a scroll of revelation for 120 gold pieces
 29306 | D:12     | Reached XP level 15. HP: 62/88 MP: 19/19
 29562 | D:12     | Found a glowing silver altar of Zin.
 29878 | D:13     | Found a gate to the Vaults.
 30216 | D:13     | Found a blossoming altar of Fedhas.
 30374 | D:14     | Noticed Nessos
 30378 | D:14     | Killed Nessos
 30399 | D:14     | Acquired a manual of Evocations
 30603 | D:14     | Reached skill level 15 in Fighting
 30703 | D:14     | Reached skill level 5 in Evocations
 30731 | D:14     | Found a hide-covered altar of Uskayaw.
 31088 | D:15     | Entered Level 15 of the Dungeon
 31149 | D:15     | Reached skill level 15 in Unarmed Combat
 31282 | Orc:2    | Bought a jewelled serpent talisman for 858 gold pieces
 31282 | Orc:2    | Identified the serpent talisman "Xuawuoda" {rElec} (You
                  | bought it in a shop on level 2 of the Orcish Mines)
 31623 | D:15     | Noticed Kirke
 31644 | D:15     | Killed Kirke
 32031 | D:15     | Found a shadowy altar of Dithmenos.
 32065 | D:15     | Found a shimmering altar of Xom.
 32068 | D:15     | Found a shimmering altar of Xom.
 32070 | D:15     | Found a shimmering altar of Xom.
 32123 | D:15     | Found a staircase to the Depths.
 32492 | Lair:3   | Reached ****** piety under Wu Jian
 32614 | Spider:1 | Entered Level 1 of the Spider Nest
 32937 | Spider:2 | Noticed Jorgrun
 33059 | Spider:1 | Reached XP level 16. HP: 28/95 MP: 20/20
 33059 | Spider:1 | Gained a life (2 lives remaining)
 33109 | Spider:1 | Mangled by a spark wasp
 33109 | Spider:1 | Lost a life (1 life remaining)
 34025 | Spider:1 | Found a runed translucent door.
 34025 | Spider:1 | Noticed Isko's ghost (journeyman TrSh)
 34791 | Elf:1    | Entered Level 1 of the Elven Halls
 35041 | Elf:1    | Noticed Agnes
 35044 | Elf:1    | Killed Agnes
 35591 | Elf:1    | Reached skill level 10 in Evocations
 35975 | D:2      | Bought an amulet of regeneration for 390 gold pieces
 36357 | Spider:2 | Noticed Mlioglotl
 37017 | Spider:2 | Killed Jorgrun
 37627 | Spider:2 | Killed Mlioglotl
 38119 | Spider:3 | Noticed Arachne
 38137 | Spider:2 | Killed Arachne
 38882 | Spider:4 | Entered Level 4 of the Spider Nest
 38964 | Spider:4 | Reached XP level 17. HP: 63/101 MP: 21/21
 40430 | Spider:4 | Got a gossamer rune of Zot
 40705 | Lair:2   | Found a staircase to the Shoals.
 40738 | Shoals:1 | Entered Level 1 of the Shoals
 40804 | Shoals:1 | Found a glowing silver altar of Zin.
 41584 | Shoals:1 | You fall into a shaft and drop 1 floor!
 41627 | Shoals:2 | Noticed Louise
 41637 | Shoals:2 | Killed Louise
 41735 | Shoals:3 | Found Reusats's Assorted Antiques.
 41748 | Shoals:3 | Bought a potion of haste for 320 gold pieces
 41806 | Shoals:4 | Entered Level 4 of the Shoals
 41963 | Shoals:4 | Found a flickering gateway to a bazaar.
 41969 | Bazaar   | Entered a bazaar
 41990 | Bazaar   | Found Bounimn's Antique Weapon Emporium.
 42006 | Bazaar   | Found Egagin's Assorted Antiques.
 42006 | Bazaar   | Found Giloimn's Armour Emporium.
 42029 | Bazaar   | Found Tokhla's Antique Armour Emporium.
 42079 | Bazaar   | Bought a potion of brilliance for 56 gold pieces
 42218 | Shoals:4 | Noticed Ilsuiw
 42503 | Shoals:1 | Found Myekherph's Book Shop.
 43131 | Shoals:2 | Reached XP level 18. HP: 107/107 MP: 22/22
 44104 | Shoals:3 | Killed Ilsuiw
 44631 | Shoals:4 | Got a barnacled rune of Zot
 44918 | Shoals:4 | Got the Disquisition on Impulse
 45909 | Elf:2    | Found Uceeg's Antique Armour Shoppe.
 46129 | Elf:2    | Found Licviag's Weapon Emporium.
 46262 | Elf:2    | Found a huge runed translucent gate.
 46262 | Elf:2    | Found a huge runed translucent gate.
 46262 | Elf:2    | Found a huge runed translucent gate.
 46265 | Elf:2    | Found a huge runed translucent gate.
 46268 | Elf:2    | Found a huge runed translucent gate.
 46320 | Elf:2    | Found Oroumie's Distillery.
 46338 | Elf:2    | Bought a potion of haste for 180 gold pieces
 46353 | Elf:2    | Found a transporter.
 46355 | Elf:2    | Found Ruaw's Antique Weapon Shoppe.
 46363 | Elf:2    | Found Elilug Rue's Assorted Antiques.
 46388 | Elf:2    | Reached skill level 15 in Shapeshifting
 46462 | Elf:2    | Found a transporter.
 46594 | Elf:3    | Entered Level 3 of the Elven Halls
 46604 | Elf:3    | Found Buggaid's Antique Armour Emporium.
 47245 | Elf:3    | Killed from afar by a deep elf death mage
 47245 | Elf:3    | Lost a life (0 lives remaining)
 47801 | Elf:3    | Reached XP level 19. HP: 88/114 MP: 23/23
 47801 | Elf:3    | Gained a life (1 life remaining)
 48188 | Elf:3    | Identified the amulet of Relepp {Reflect rC+ rCorr SH+5}
 48194 | Elf:3    | Identified the +12 long sword of Jamae {speed, Str+2 Dex+3}
 48608 | Elf:3    | Identified the +5 shortbow "Dishrar" {drain, rC++ rN+}
 49275 | Elf:3    | HP: 2/110 [deep elf elementalist/blast of rock fragments
                  | (45)]
 49490 | Elf:3    | Got the Almanac of Malisons and the Gargoyle
 49492 | Elf:3    | Got the Meditations on the Ill-fated Torch
 49509 | Elf:3    | Identified the +2 pair of boots of Prudence {Harm rF+++
                  | Int-4 Stlth+}
 49865 | Vaults:1 | Entered Level 1 of the Vaults
 49870 | Vaults:1 | Noticed Asterion
 49876 | Vaults:1 | Killed Asterion
 50087 | Vaults:1 | Gained mutation: You are clumsy. (Dex -2) [a neqoxec]
 50088 | Vaults:1 | Gained mutation: Your body sometimes deteriorates upon
                  | taking damage. [a neqoxec]
 50147 | Vaults:1 | Lost mutation: Your body sometimes deteriorates upon taking
                  | damage. [potion of mutation]
 50147 | Vaults:1 | Lost mutation: You are clumsy. (Dex -2) [potion of
                  | mutation]
 50147 | Vaults:1 | Gained mutation: You passively map a small area around you.
                  | [potion of mutation]
 50201 | Vaults:1 | Identified the +8 spear of Fedhas's Grace {freeze, Dex+3}
 50552 | Vaults:1 | Found Cinial's Jewellery Emporium.
 51064 | Vaults:2 | Reached skill level 15 in Evocations
 51374 | Vaults:2 | Found a runed translucent gate.
 51374 | Vaults:2 | Found a runed translucent gate.
 51374 | Vaults:2 | Found a runed translucent gate.
 51377 | Vaults:2 | Noticed Luiw's ghost (veteran HOBe)
 51626 | Vaults:2 | Reached XP level 20. HP: 120/121 MP: 24/24
 52655 | Abyss:2  | Cast into level 2 of the Abyss (hell knight)
 52694 | Vaults:3 | Escaped the Abyss
 52842 | Vaults:3 | Found a staircase to the Crypt.
 52845 | Vaults:3 | Noticed Margery
 52855 | Vaults:3 | Killed Margery
 53688 | Vaults:4 | Identified the orb of Panentheism {light, Str+2}
 53688 | Vaults:4 | Noticed Frederick
 53693 | Vaults:4 | Killed Frederick
 53795 | Vaults:4 | Found a runed translucent gate.
 53795 | Vaults:4 | Found a runed translucent gate.
 53795 | Vaults:4 | Found a runed translucent gate.
 53796 | Vaults:4 | Noticed Qecvurom's ghost (adept DrRe)
 53814 | Vaults:4 | Reached XP level 21. HP: 128/128 MP: 25/25
 53831 | Vaults:4 | Killed Qecvurom's ghost
 53907 | Vaults:4 | Reached XP level 22. HP: 133/133 MP: 26/26
 53907 | Vaults:4 | Gained a life (2 lives remaining)
 54118 | Vaults:4 | Found Xeov Xott's Antique Armour Shop.
 54218 | Vaults:5 | Entered Level 5 of the Vaults
 54218 | Vaults:5 | Noticed Mara
 54232 | Vaults:5 | Noticed a golden dragon
 54238 | Vaults:5 | Killed Mara
 54242 | Vaults:5 | Killed a golden dragon
 54692 | Vaults:5 | Noticed a golden dragon
 54957 | Vaults:5 | Got a silver rune of Zot
 55112 | Vaults:5 | Reached skill level 1 in Invocations
 55114 | Vaults:5 | Reached skill level 2 in Invocations
 55240 | Vaults:5 | Noticed an ancient lich
 55250 | Vaults:5 | Killed an ancient lich
 55251 | Vaults:5 | Reached skill level 3 in Invocations
 55528 | Vaults:5 | Reached skill level 4 in Invocations
 55640 | Vaults:5 | Killed a golden dragon
 55641 | Vaults:5 | Reached skill level 5 in Invocations
 55861 | Depths:1 | Entered Level 1 of the Depths
 55932 | Depths:1 | Noticed Norris
 55943 | Depths:1 | Reached skill level 6 in Invocations
 55948 | Depths:1 | Killed Norris
 56034 | Depths:1 | Found a one-way gate to the infinite horrors of the Abyss.
 56085 | Depths:1 | Reached skill level 7 in Invocations
 56085 | Depths:1 | Reached XP level 23. HP: 137/137 MP: 29/29
 56582 | Depths:1 | Reached skill level 8 in Invocations
 56962 | Depths:2 | Identified the ring of Wariness {^Contam Fly rElec EV+5
                  | Int-5}
 56971 | Depths:1 | Reached skill level 9 in Invocations
 57065 | Depths:2 | Noticed Grunn
 57083 | Depths:2 | Killed Grunn
 57084 | Depths:2 | Reached skill level 10 in Invocations
 57325 | Orc:2    | Bought a scroll of fear for 52 gold pieces
 57442 | Elf:2    | Bought a potion of resistance for 180 gold pieces
 57442 | Elf:2    | Bought 2 potions of curing for 108 gold pieces
 57442 | Elf:2    | Bought a potion of curing for 54 gold pieces
 57442 | Elf:2    | Bought a potion of heal wounds for 90 gold pieces
 57442 | Elf:2    | Bought a potion of mutation for 144 gold pieces
 57442 | Elf:2    | Bought a potion of ambrosia for 144 gold pieces
 57442 | Elf:2    | Bought 2 potions of heal wounds for 180 gold pieces
 57463 | Elf:2    | Bought a potion of heal wounds for 160 gold pieces
 57463 | Elf:2    | Bought a potion of curing for 96 gold pieces
 57463 | Elf:2    | Bought a potion of ambrosia for 256 gold pieces
 57762 | D:2      | Bought the ring "Huryno" {rF++ rC+++ Str-5 Dex+6 Stlth-}
                  | for 1086 gold pieces
 57860 | D:5      | Bought a scroll of teleportation for 72 gold pieces
 58214 | Depths:2 | Reached skill level 11 in Invocations
 58344 | Depths:2 | Reached skill level 12 in Invocations
 58536 | Depths:2 | Noticed a caustic shrike
 58621 | Depths:2 | Killed a caustic shrike
 58675 | Depths:2 | Reached skill level 13 in Invocations
 58966 | Depths:2 | Found a one-way gate leading to the halls of Pandemonium.
 59157 | Depths:2 | Found a one-way gateway to a ziggurat.
 59287 | Depths:3 | Reached skill level 14 in Invocations
 59645 | Depths:3 | Reached skill level 15 in Invocations
 59953 | Depths:2 | Reached XP level 24. HP: 104/142 MP: 25/35
 60015 | Depths:3 | Gained mutation: You are weak. (Str -2) [a neqoxec]
 60045 | Depths:3 | Identified the +5 scale mail "Mugomoda" {rPois rF- Will++
                  | Regen+}
 60123 | Depths:3 | Reached skill level 16 in Invocations
 60319 | Depths:3 | Found a faded altar of an unknown god.
 60319 | Depths:3 | Found a faded altar of an unknown god.
 60321 | Depths:3 | Found a hazy altar of Hepliaklqana.
 60689 | Depths:4 | Entered Level 4 of the Depths
 60719 | Depths:4 | Reached skill level 17 in Invocations
 60833 | Depths:4 | Noticed Xtahua
 60837 | Depths:4 | Killed Xtahua
 61020 | Depths:4 | Noticed Saint Roka
 61045 | Depths:4 | Killed Saint Roka
 61046 | Depths:4 | Reached skill level 18 in Invocations
 61050 | Depths:4 | Identified the ring of the Contumacious God {^Contam rN+
                  | Will+ Int+6}
 61146 | Depths:4 | Identified the ring of Mutualism {Will+ MP+9 Int+2}
 61162 | Depths:4 | Found a transporter.
 61351 | Depths:4 | Reached skill level 19 in Invocations
 61358 | Depths:4 | Identified the +1 robe of Viul {rF+ rCorr}
 61362 | Depths:4 | Identified the ring "Losoghe" {Ice Will+ rCorr Dex-2
                  | Stlth+}
 61386 | Depths:4 | Found a gate to the Realm of Zot.
 61674 | Depths:4 | Found a transporter.
 61726 | Zot:1    | Entered Level 1 of the Realm of Zot
 61916 | Zot:2    | Noticed a Killer Klown
 61926 | Zot:2    | Reached skill level 20 in Invocations
 61934 | Zot:2    | Killed a Killer Klown
 62007 | Zot:2    | Reached XP level 25. HP: 147/147 MP: 38/38
 62355 | Zot:4    | Reached skill level 21 in Invocations
 62410 | Zot:5    | Entered Level 5 of the Realm of Zot
 62698 | Zot:5    | Identified the +1 sling of Dishonesty {antimagic, Int+4}
 63037 | Zot:5    | Noticed a Killer Klown
 63037 | Zot:5    | Noticed an orb of fire
 63038 | Zot:5    | Noticed a Killer Klown
 63038 | Zot:5    | Noticed a Killer Klown
 63041 | Zot:5    | Killed an orb of fire
 63041 | Zot:5    | Reached skill level 22 in Invocations
 63041 | Zot:5    | Killed a Killer Klown
 63044 | Zot:5    | Noticed a Killer Klown
 63049 | Zot:5    | Killed a Killer Klown
 63049 | Zot:5    | Killed a Killer Klown
 63054 | Zot:5    | Killed a Killer Klown
 63097 | Zot:5    | Got the Orb of Zot
 63101 | Zot:5    | Noticed a Killer Klown
 63107 | Zot:5    | Noticed a Killer Klown
 63118 | Zot:5    | Reached skill level 23 in Invocations
 63118 | Zot:5    | Killed a Killer Klown
 63118 | Zot:5    | Killed a Killer Klown
 63253 | Zot:2    | Noticed Seirairi the pandemonium lord
 63289 | Depths:4 | Noticed a seraph
 63436 | D:13     | Noticed Ocoiwuh the pandemonium lord
 63465 | D:12     | Mangled by Ocoiwuh the pandemonium lord
 63465 | D:12     | Lost a life (1 life remaining)
 63641 | Temple   | Fell from the grace of Wu Jian
 63641 | Temple   | Became a worshipper of the Shining One
 63648 | Temple   | Noticed Uqas Omm the pandemonium lord
 63782 | D:1      | Reached * piety under the Shining One
 63822 | D:1      | Noticed Xemocog the pandemonium lord
 63824 | D:1      | Gained mutation: You are very weak. (Str -4) [a cacodemon]
 63825 | D:$      | Escaped with the Orb!

Illustrated notes

Levels and vault maps discovered:
D:1:      matt_arrival_refuge, layout_loops_cross,
          nicolae_concentric_dashed_squares_wild, minmay_cut_off
D:2:      layout_loops_ring, serial_shops, shop, grunt_ministairs_12
D:3:      layout_loops_corners, minmay_vboxes
D:4:      layout_rooms, temple_statues, serial_rivers,
          chequers_serial_rivers_marsh, chequers_serial_rivers_micro_e,
          chequers_serial_rivers_room_b, chequers_serial_rivers_room_a,
          minmay_shop_damaged, minmay_door_square, uniq_duvessa, uniq_robin
D:5:      gammafunk_steamed_eel, layout_gridville, serial_shops,
          kennysheep_little_box, shop, nicolae_ossuary_entry_plus,
          nicolae_shop_gadgets
D:6:      layout_rooms, ebering_ghost_sewer_d, dilly_guarded_unrand_throatcut,
          uniq_blork_the_orc
D:7:      layout_basic, dreamdust_gnoll_shepherd
D:8:      layout_loops_ring, gammafunk_temple_overflow_pools, serial_shops,
          nicolae_shop_pleasant_corner_grove
D:9:      layout_roguey, uniq_prince_ribbit1
D:10:     hellmonk_ruined_rings, layout_basic, dpeg_lair_monsters,
          enter_bailey_4, eino_tiny_chamber, amethyst_killhole,
          nicolae_shop_distant_corner_stores
D:11:     layout_small_grid, david_orc_3, minmay_misc_feat_x, disabler_island,
          uniq_josephine
D:12:     layout_irregular_city, zin_treasury
D:13:     layout_rooms, david_vaults_2, portal_ice_cave_entry_pillars_1,
          fedhas_ov_isle_minmay
D:14:     layout_loops_ring, nicolae_uskayaw_suspiria,
          hangedman_abyss_or_decor_passed, uniq_nessos
D:15:     grunt_enter_depths_hoard, layout_rooms, xom_redecorated,
          nicolae_dithmenos_the_darkroom, uniq_kirke
Temple:   nicolae_temple_slightly_damp_pantheon
Lair:1:   layout_regular_city, grunt_megastairs_1
Lair:2:   layout_small_grid, mainiacjoe_shoals_entry_four_pools, uniq_erica
Lair:3:   layout_roguey, spider_nest_entry_a, st_stairs_6
Lair:4:   layout_roguey, minmay_slime_entry_oklob_enclosed
Lair:5:   evil_forest, layout_cave_pods
Shoals:1: layout_shoals, serial_shops, shop, lemuel_oklob_altar
Shoals:2: layout_shoals, uniq_louise
Shoals:3: layout_shoals, serial_shops, shop
Shoals:4: shoals_end_simple, layout_shoals, shoal_ilsuiw, serial_shops,
          bzr_entry_road
Spider:1: layout_chambers, ebering_ghost_inner_flame
Spider:2: layout_spider_delve, nicolae_spider_baby_got_redback, uniq_mlioglotl,
          uniq_jorgrun
Spider:3: layout_spider_delve, uniq_arachne
Spider:4: hellmonk_spider_rune_bug_friends
Orc:1:    layout_diamond_mine
Orc:2:    st_orc_rangers, layout_caves, nicolae_orc_rockfall, nooodl_orcs_dogs
Elf:1:    eino_elf_arrival_shootout, layout_geoelf_octagon,
          kennysheep_underground_church, uniq_agnes
Elf:2:    elven_hall_of_blades_hangedman_alternative
          [nicolae_blade_little_rooms], layout_geoelf_octagon, serial_shops,
          shop, shop_fountains, nicolae_shop_drivethru, nicolae_stop_n_shop_2,
          nicolae_shop_bloodbath_and_beyond
Elf:3:    elf_hall, layout_geoelf_diagonals, serial_shops,
          nicolae_shop_back_alley_shop
Vaults:1: nicolae_vaults_network_quincunx
          [nicolae_vaults_network_quincunx_subvault,
          nicolae_vaults_network_quincunx_subvault,
          nicolae_vaults_network_quincunx_subvault,
          nicolae_vaults_network_quincunx_subvault,
          nicolae_vaults_network_quincunx_subvault],
          serial_library_hellmonk_open_cross, minmay_orc_keep,
          hangedman_vaults_hat, nicolae_vaults_storage_room_statues,
          grunt_vaults_hallway_long, vaults_dpeg_emergency_exit,
          nicolae_vaults_surprise_closet, grunt_vaults_hallway_long,
          layout_vaults_omnigrid, serial_shops, nicolae_square_shop,
          uniq_asterion
Vaults:2: gammafunk_ghost_necromancy, vaults_mumra_hexcomb,
          vaults_room_grunt_arrival_checkpoint, dpeg_vaults_monster_row,
          nicolae_vaults_turnstiles, nicolae_vaults_circle_grid_a,
          grunt_vaults_bifocal, nicolae_vaults_angled_halls, v_misc_1,
          hangedman_vaults_cutoff, nicolae_vaults_tetromino_Z_1,
          nicolae_vaults_specimen_jars, ontoclasm_vaults_twist,
          layout_vaults_maze_bifur
Vaults:3: nicolae_vaults_cochlea, ontoclasm_vaults_decontamination,
          nicolae_vaults_layer_cake_slice, nicolae_vaults_lightning_bolt,
          nicolae_vaults_trapezoid_lopsided_3,
          nicolae_vaults_storage_room_water, vaults_dpeg_diagonal,
          layout_vaults_big_room, uniq_margery
Vaults:4: gammafunk_ghost_split, vaults_room_semicircle,
          nicolae_vaults_little_ls, nicolae_vaults_ring_of_whatevers, v_rooms_2,
          v_misc_3, v_rooms_3, nicolae_vaults_shrinking_rooms_2,
          nicolae_vaults_trapezoid_2, nicolae_vaults_cornered_office, v_misc_19,
          nicolae_vaults_trapezoid_2, nicolae_vaults_diamond_2,
          layout_vaults_omnibox, serial_shops, nicolae_shop_advertising_works
          [nicolae_subvault_shop_adworks], uniq_frederick
Vaults:5: uniq_mara
Depths:1: layout_gridlike, kennysheep_small_spiral, abyss_entry, hell_entry,
          minivault_15, kennysheep_generic_room_16, uniq_norris
Depths:2: minmay_the_grid_plus [minmay_the_grid_minigrid_small_alt,
          minmay_the_grid_outer_diamond, minmay_the_grid_minigrid_medium,
          minmay_the_grid_square_x, minmay_the_grid_prize_four_corners],
          layout_twisted_cross, enter_ziggurat_c, grunt_hell_entry_dis_mu,
          pan_entry, minmay_misc_feat_iff,
          nicolae_abyss_entry_one_way_or_another, uniq_grunn
Depths:3: minmay_two_paths, layout_cave_shapes, grunt_hell_entry_demonic_statue,
          abyss_entry_small_statue_room, dk_noncrumbling_4,
          nicolae_hepliaklqana_ecumenical_no_more
Depths:4: hangedman_spin_cycle, abyss_entry, pan_entry, hell_entry, uniq_xtahua
Zot:1:    layout_gridville, st_small_dragon_hoard_5, grunt_ministairs_13,
          hangedman_zot_spectrum, uniq_tiamat
Zot:2:    layout_misc_corridors, st_single_dragon_hoard_2,
          hangedman_player_shredder
Zot:3:    layout_twisted_circle, hellmonk_greenhouse_of_terror,
          grunt_megastairs_4
Zot:4:    layout_misc_corridors, gammafunk_ghost_ooze,
          regret_index_zotdec_under_construction, grunt_megastairs_2,
          uniq_josephina
Zot:5:    layout_cathedral_of_symmetry, st_stairs_11

Skill      XL: |  1  2  3  4  5  6  7  8  9 10 11 12 13 14 15 16 17 18 19 20 21 22 23 24 25 |
---------------+----------------------------------------------------------------------------+-----
Dodging        | 3 4 5 6 8 9 10 11 12 13 15 16 17 19 20 | 20.0
Fighting       | 1 2 3 4 5 7 9 10 12 13 14 15 16 17 18 19 20 | 20.0
Unarmed Combat | 1 2 3 4 5 7 9 11 12 13 14 15 16 17 18 19 20 | 20.0
Shapeshifting  | 1 2 3 4 5 6 9 10 11 12 13 14 15 16 17 18 | 18.0
Stealth        | 3 8 11 13 15 18 19 | 19.8
Evocations     | 4 8 11 14 15 17 20 | 20.0
Invocations    | 7 15 20 23 | 23.7
Spellcasting   | |  2.3
Conjurations   | |  3.8

Action                     |  1- 3 |  4- 6 |  7- 9 | 10-12 | 13-15 | 16-18 | 19-21 | 22-24 | 25-27 || total
---------------------------+-------+-------+-------+-------+-------+-------+-------+-------+-------++-------
  Melee: Unarmed           |     9 |    97 |   216 |   770 |  1380 |  1567 |  1163 |  1810 |   449 ||  7461
         Bite              |     2 |    15 |    20 |   101 |   193 |    63 |   149 |   302 |    82 ||   927
         Punch             |     1 |     3 |    12 |    49 |   126 |    89 |   168 |   291 |    97 ||   836
         Maw               |       |       |       |    67 |   482 |   209 |    76 |       |       ||   834
         Constrict         |       |       |       |       |    62 |   227 |       |       |       ||   289
   Cast: Magic Dart        |   101 |    94 |    56 |    72 |       |       |       |       |       ||   323
         Searing Ray       |     2 |    24 |    45 |    37 |       |       |       |       |       ||   108
         Summon Small Mamm |       |       |     2 |     4 |       |     7 |       |       |       ||    13
         Apportation       |       |       |       |     2 |       |       |       |       |       ||     2
 Invoke: Serpent's Lash    |       |       |       |    15 |    16 |    18 |     7 |    28 |     6 ||    90
         Heavenly Storm    |       |       |       |       |     2 |     4 |       |     1 |     1 ||     8
Ability: Lunge             |       |     3 |     7 |    63 |   126 |   157 |    61 |   108 |    20 ||   545
         Whirlwind         |       |       |     7 |   173 |   434 |   377 |   349 |   650 |   162 ||  2152
         Wall Jump         |       |       |       |       |     1 |       |     4 |       |       ||     5
  Evoke: Wand              |       |       |     2 |    29 |    13 |    22 |    11 |    13 |     5 ||    95
         Box of beasts     |       |       |       |     2 |     3 |     3 |       |     1 |     1 ||    10
         Phantom mirror    |       |       |       |       |       |       |       |     1 |     1 ||     2
         Condenser vane    |       |       |       |       |       |       |       |     1 |       ||     1
    Use: Potion            |     1 |     3 |     3 |    21 |     9 |     9 |     4 |     6 |    10 ||    66
         Scroll            |     2 |    12 |     8 |    18 |     8 |     4 |     8 |     5 |     7 ||    72
   Stab: Sleeping          |       |       |     1 |    23 |    46 |    76 |    27 |    55 |     6 ||   234
         Distracted        |       |       |       |     2 |     7 |    10 |     3 |    18 |     4 ||    44
         Invisible         |       |       |       |     1 |       |       |       |       |       ||     1
         Petrified         |       |       |       |       |     3 |       |       |       |       ||     3
         Petrifying        |       |       |       |       |     1 |       |       |       |       ||     1
         Betrayed ally     |       |       |       |       |       |     1 |       |       |     2 ||     3
 Armour: Skin              |     9 |    32 |    83 |   195 |   295 |   427 |   365 |   599 |   181 ||  2186
  Dodge: Dodged            |    27 |    65 |   265 |   573 |  1198 |  1358 |  1575 |  2390 |   608 ||  8059
   Form: Maw               |       |       |       |     1 |       |     2 |       |       |       ||     3
         Serpent           |       |       |       |       |     1 |     1 |       |       |       ||     2
         Statue            |       |       |       |       |       |       |     1 |       |       ||     1

Table legend: (Time is in decaauts)
 A = Elapsed time spent in this place.
 B = Non-inter-level travel time spent in this place.
 C = Inter-level travel time spent in this place.
 D = Time resting spent in this place.
 E = Time spent auto-exploring this place.
 F = Levels seen in this place.
 G = Mean time per level.
                   A        B        C        D        E       F      G
               +--------+--------+--------+--------+--------+-----+--------+
         Total |  69779 |  62092 |   7687 |  11869 |  32350 |  51 | 1368.2 |
       Dungeon |  25874 |  21254 |   4620 |   4851 |  10984 |  15 | 1724.9 |
        Temple |     96 |     58 |     38 |      0 |      0 |   1 |   96.0 |
          Lair |   7457 |   6790 |    667 |   1048 |   3698 |   5 | 1491.4 |
        Shoals |   4247 |   4088 |    159 |    526 |   2295 |   4 | 1061.8 |
   Spider Nest |   5967 |   5569 |    398 |   1905 |   2073 |   4 | 1491.8 |
  Orcish Mines |   1459 |   1041 |    418 |    122 |    589 |   2 |  729.5 |
   Elven Halls |   5548 |   4877 |    671 |   1451 |   2013 |   3 | 1849.3 |
        Vaults |   8579 |   8170 |    409 |    231 |   5921 |   5 | 1715.8 |
        Depths |   7483 |   7288 |    195 |    936 |   3828 |   4 | 1870.8 |
           Zot |   2046 |   1940 |    106 |    522 |    516 |   5 |  409.2 |
         Abyss |     57 |     57 |      0 |      0 |     33 |   1 |   57.0 |
        Bazaar |    137 |    137 |      0 |      0 |     68 |   1 |  137.0 |
       Ossuary |    825 |    825 |      0 |    276 |    330 |   1 |  825.0 |
               +--------+--------+--------+--------+--------+-----+--------+

Top non-repeatable levels by time:
   Elf:3: 3088 daAuts
Spider:1: 2642 daAuts
    D:10: 2428 daAuts
    D:11: 2379 daAuts
     D:9: 2303 daAuts
     D:8: 2175 daAuts
Vaults:5: 2168 daAuts
     D:5: 2168 daAuts
Depths:3: 2066 daAuts
     D:3: 2039 daAuts
  Lair:5: 1996 daAuts
     D:7: 1990 daAuts
    D:12: 1973 daAuts
Depths:2: 1881 daAuts
Depths:1: 1845 daAuts
